 Seeded DCSS version 0.28-a0-1190-g77e1c55843 (webtiles) character file.

Game seed: 4018878354053487559 (custom seed)

5812 croobank the Quickloader (level 10, -8/79 HPs)
             Began as a Grey Draconian Cinder Acolyte on Dec 19, 2021.
             Was a High Priest of Ignis.
             Mangled by Grum (22 damage)
             ... on level 8 of the Dungeon.
             The game lasted 01:19:50 (11352 turns).

croobank the Quickloader (DrCA)                    Turns: 11352, Time: 01:19:50

Health: -8/79      AC: 21    Str: 17    XL:     10   Next: 50%
Magic:  13/13      EV: 11    Int: 17    God:    Ignis [*****.]
Gold:   200        SH:  0    Dex:  8    Spells: 10/13 levels left

rFire   + . .      SeeInvis .   a - +0 war axe
rCold   . . .      Faith    .   (no shield)
rNeg    . . .      Spirit   .   (armour unavailable)
rPois   .          Reflect  .   (helmet restricted)
rElec   .          Harm     .   h - +0 cloak
rCorr   .          Rampage  .   o - +2 pair of gloves
Will    +....                   t - +0 pair of boots
Stlth   +.........              (no amulet)
HPRegen 0.23/turn               i - +4 ring of protection
MPRegen 0.13/turn               B - ring of willpower

@: no status effects
A: AC +12, amphibious, unfitting armour, cold-blooded, MP-powered wands, noise
suppression
a: Renounce Religion, Fiery Armour, Foxfire Swarm, Rising Flame


You were on level 8 of the Dungeon.
You worshipped Ignis.
Ignis was extremely pleased with you.
You visited 2 branches of the dungeon, and saw 9 of its levels.
You also visited: Ossuary.

You collected 248 gold pieces.
You spent 48 gold pieces at shops.

Inventory:

Hand Weapons
 a - a +0 war axe (weapon)
 b - the +5 hunting sling "Gegyrirghiq" {speed, rPois rN+ Str+2}
   (You found it on level 4 of the Dungeon)

   Attacks with this weapon are significantly faster.
   Str:       It affects your strength (+2).
   rPois:     It protects you from poison.
   rN:        It protects you from negative energy.
 c - the +12 arbalest of the Nine Lives {elec, rPois Dex-3 Stlth+}
   (You found it on level 5 of the Dungeon)

   Any ammunition fired from it occasionally discharges a powerful burst of
   electricity upon striking a foe.
   Dex:       It affects your dexterity (-3).
   rPois:     It protects you from poison.
   Stlth:     It makes you more stealthy.
 g - a +2 whip of freezing
 k - a +0 hand axe
 C - a +4 scimitar of flaming
Missiles
 d - 162 stones
 j - 116 sling bullets
 n - 3 throwing nets
 q - 6 boomerangs
 F - 4 javelins
 G - 87 bolts
 H - 5 atropa-tipped darts (quivered)
Armour
 h - a +0 cloak (worn)
 o - a +2 pair of gloves (worn)
 t - a +0 pair of boots (worn)
Jewellery
 i - a +4 ring of protection (left hand)
 A - a ring of protection from fire
 B - a ring of willpower (right hand)
Wands
 v - a wand of mindburst (3)
Scrolls
 e - 5 scrolls of teleportation {teleport}
 m - 6 scrolls of identify {identify}
 p - 2 scrolls of amnesia {amnesia, unknown}
 r - 2 scrolls of blinking
 w - 4 scrolls of fear
 x - a scroll of torment {torment, unknown}
 y - a scroll of magic mapping
Potions
 f - a potion of might
 l - 5 potions of brilliance
 s - 2 potions of flight {flight, unknown}
 u - a potion of cancellation {cancellation, unknown}
 z - 4 potions of ambrosia {ambrosia, unknown}
 D - a potion of resistance {resistance, unknown}
 E - a potion of attraction {unknown}


   Skills:
 - Level 4.2 Fighting
 - Level 3.8 Axes
 - Level 6.0 Slings
 + Level 12.1 Crossbows
 - Level 2.2 Spellcasting
 - Level 1.6 Hexes
 - Level 3.8 Fire Magic


You had 10 spell levels left.
You knew the following spells:

 Your Spells              Type           Power      Damage    Failure   Level
a - Scorch                Fire           30%        2d6       6%          2
b - Slow                  Hex            28%        N/A       10%         1

Your spell library contained the following spells:

 Spells                   Type           Power      Damage    Failure   Level
 Sting                    Tmut/Pois      4%         1d3       19%         1
 Blink                    Tloc           2%         N/A       28%         2
 Poisonous Vapours        Pois/Air       2%         N/A       28%         2
 Confusing Touch          Hex            7%         N/A       28%         3
 Stone Arrow              Conj/Erth      2%         3d7       50%         3
 Vampiric Draining        Necr           1%         2d6       50%         3
 Olgreb's Toxic Radiance  Pois           1%         N/A       88%         4
 Summon Mana Viper        Hex/Summ       4%         N/A       98%         5
 Manifold Assault         Tloc           1%         N/A       99%         5
 Summon Forest            Summ/Tloc      0%         N/A       99%         5
 Summon Cactus Giant      Summ           0%         N/A       100%        6
 Storm Form               Tmut/Air       0%         N/A       100%        7
 Lehudib's Crystal Spear  Conj/Erth      0%         10d2      100%        8
 Animate Armour           Summ/Erth      Unusable   N/A       N/A         4

Dungeon Overview and Level Annotations

Branches:
Dungeon (8/15)             Temple (1/1) D:4         Ossuary (visited)
   Lair: D:8-11

Altars:

Shops:
D:2 (

Annotations:
D:8 Grum


Innate Abilities, Weirdness & Mutations

Your dull iron-grey scales are very hard. (AC +12)
You are amphibious.
You cannot fit into any form of body armour.
You are cold-blooded and may be slowed by cold attacks.
You expend magic power (3 MP) to strengthen your wands.
You passively dampen the noise of your surroundings.


Message History

The wolf is moderately wounded.
You closely miss the wolf. The wolf barely misses you.
The wolf bites you but does no damage. Grum hits you but does no damage.
The wolf closely misses you. The wolf bites you but does no damage.
Grum misses you.
You miss the wolf.
The wolf is moderately wounded.
You miss the wolf. The wolf bites you but does no damage. The wolf misses you.
Grum hits you but does no damage. The wolf bites you.
The wolf bites you but does no damage. Grum misses you.
The wolf closely misses you.
You barely miss the wolf.
Your tail-slap misses the wolf.
The wolf is moderately wounded.
You hit the wolf but do no damage. The wolf bites you but does no damage.
The wolf closely misses you. Grum hits you but does no damage.
The wolf bites you but does no damage. The wolf barely misses you.
Grum barely misses you.
You closely miss the wolf. You tail-slap the wolf.
The wolf is heavily wounded.
You hit the wolf.
The wolf closely misses you. x2; The wolf bites you.
Grum hits you from afar with a -2 spear.
The wolf bites you but does no damage. x2; Grum hits you but does no damage.
You hit the wolf. You tail-slap the wolf.
The wolf is almost dead.
You closely miss the wolf. The wolf barely misses you. The wolf misses you.
Grum hits you from afar with a -2 spear!!
The wolf bites you but does no damage. x2
You hit the wolf.
You kill the wolf!
You hit the wolf.
Grum hits you from afar with a -2 spear!
The wolf bites you but does no damage.
Grum hits you from afar with a -2 spear!!
* * * LOW HITPOINT WARNING * * *
The wolf barely misses you.
You hit the wolf but do no damage.
The wolf is heavily wounded.
Grum completely misses you. The wolf closely misses you.
Grum hits you from afar with a -2 spear!!
You die...

....... .....##.
....... .....# ....#
†..# #.## ### ..#
#.#.###.. ###
#.##.#.######.# ###
##.#....@hghh.(.
.........#.#######.#
#.###.# #.#
#.##.###.## ##
##........#
##...#.....###.# #
.........#.# #.#
#.####
##..####.#...!..
#..... # #.#####.#.
####.#


You could see Grum (berserk) and 3 wolves.

Vanquished Creatures
  Harold (D:7)
  Erica (D:8)
  Pikel (D:6)
  A troll (D:7)
  A wyvern (D:6)
  A water moccasin (D:7)
  Duvessa (D:7)
  3 black bears
  An ice beast (D:4)
  A sky beast (D:5)
  3 orc warriors
  4 ogres
  A wolf (D:8)
  A phantom (D:7)
  5 bullfrogs
  A gnoll sergeant (D:5)
  A wyvern zombie (Ossuary)
  A scorpion (D:7)
  2 water moccasin zombies (Ossuary)
  Dowan (D:7)
  4 killer bees (D:7)
  2 howler monkeys (D:8)
  5 bullfrog zombies (Ossuary)
  7 centaur zombies
  3 hounds
  A bullfrog skeleton (D:7)
  4 centaur skeletons
  An orc priest (D:4)
  4 iguanas
  A gnoll shaman (D:7)
  Terence (D:2)
  Natasha (thrice) (D:3)
  An orc wizard (D:4)
  A killer bee zombie (Ossuary)
  A hound skeleton (D:5)
  3 howler monkey zombies
  16 mummies (Ossuary)
  Robin (D:2)
  7 gnolls
  7 adders
  A shadow imp (D:6)
  An ufetubus (D:4)
  2 worms
  14 orcs
  5 endoplasms
  3 giant cockroaches
  11 goblins
  3 hobgoblins
  6 kobolds
  6 quokkas
  2 ball pythons
  6 bats
  3 rats (D:1)
168 creatures vanquished.

Vanquished Creatures (others)
  A killer bee (D:7)
  5 withered plants (Ossuary)
6 creatures vanquished.

Grand Total: 174 creatures vanquished

Notes
Turn   | Place    | Note
-------+----------+-------------------------------------------
     0 | D:1      | croobank the Draconian Cinder Acolyte began the quest for
                  | the Orb.
     0 | D:1      | Reached XP level 1. HP: 19/19 MP: 2/2
   168 | D:2      | Found Ungyky's Weapon Shop.
   168 | D:2      | Found a faded altar of an unknown god.
   232 | D:2      | Reached XP level 2. HP: 21/21 MP: 3/3
   361 | D:1      | Learned a level 2 spell: Scorch
   363 | D:1      | Learned a level 1 spell: Slow
   397 | D:1      | Gained mutation: You expend magic power (3 MP) to
                  | strengthen your wands. [potion of mutation]
   397 | D:1      | Gained mutation: You passively dampen the noise of your
                  | surroundings. [potion of mutation]
  1125 | D:2      | Reached XP level 3. HP: 31/31 MP: 2/5
  1226 | D:2      | Noticed Terence
  1319 | D:2      | Killed Terence
  2022 | D:2      | Reached skill level 1 in Hexes
  2023 | D:2      | Noticed Robin
  2029 | D:2      | Reached XP level 4. HP: 40/40 MP: 1/6
  2043 | D:2      | Killed Robin
  2427 | D:3      | Noticed Natasha
  2436 | D:3      | Killed Natasha
  2714 | D:3      | Noticed Natasha
  2719 | D:3      | Killed Natasha
  2720 | D:3      | Reached XP level 5. HP: 46/46 MP: 3/8
  2959 | D:3      | Noticed Natasha
  2970 | D:3      | Killed Natasha
  3153 | D:4      | Noticed an orc warrior
  3568 | D:4      | Noticed an orc warrior
  3589 | D:4      | Identified the +5 hunting sling "Gegyrirghiq" {speed, rPois
                  | rN+ Str+2}
  3630 | D:4      | Found a staircase to the Ecumenical Temple.
  3631 | D:4      | Noticed an ice beast
  3686 | D:4      | Killed an ice beast
  3687 | D:4      | Reached XP level 6. HP: 41/52 MP: 2/9
  3826 | D:4      | Killed an orc warrior
  4223 | D:4      | Killed an orc warrior
  4449 | D:4      | Your scales start taking on a dull iron-grey colour.
  4449 | D:4      | Reached XP level 7. HP: 59/59 MP: 7/10
  4754 | Temple   | Entered the Ecumenical Temple
  4764 | D:5      | Entered Level 5 of the Dungeon
  4869 | D:5      | Reached skill level 5 in Slings
  5146 | D:5      | Identified the +12 arbalest of the Nine Lives {elec, rPois
                  | Dex-3 Stlth+}
  5270 | D:5      | Reached skill level 1 in Crossbows
  5639 | D:5      | Reached skill level 2 in Crossbows
  6216 | D:6      | Reached skill level 3 in Crossbows
  6216 | D:6      | Reached XP level 8. HP: 64/66 MP: 11/11
  6445 | D:6      | Noticed Pikel
  6465 | D:6      | Found a sand-covered staircase.
  6469 | Ossuary  | Entered an ossuary
  6485 | Ossuary  | Reached skill level 4 in Crossbows
  6579 | Ossuary  | Reached skill level 5 in Crossbows
  6700 | Ossuary  | Reached skill level 6 in Crossbows
  7060 | Ossuary  | Reached skill level 7 in Crossbows
  7107 | Ossuary  | Reached XP level 9. HP: 71/71 MP: 7/12
  7226 | D:6      | Killed Pikel
  7227 | D:6      | Reached skill level 8 in Crossbows
  7680 | D:6      | Reached skill level 9 in Crossbows
  8774 | D:7      | Noticed Duvessa
  8774 | D:7      | Noticed Dowan
  8781 | D:7      | Killed Duvessa
  8782 | D:7      | Reached skill level 10 in Crossbows
  8844 | D:7      | Killed Dowan
  9271 | D:7      | Noticed a troll
  9279 | D:7      | Killed a troll
  9280 | D:7      | Reached XP level 10. HP: 79/79 MP: 7/13
  9353 | D:7      | Noticed Harold
  9374 | D:7      | Killed Harold
  9375 | D:7      | Reached skill level 11 in Crossbows
 10222 | D:8      | Noticed Erica
 10242 | D:8      | Killed Erica
 10610 | D:8      | Reached skill level 12 in Crossbows
 10877 | D:2      | Bought 24 bolts for 48 gold pieces
 11340 | D:8      | Noticed Grum
 11352 | D:8      | Mangled by Grum

Illustrated notes

Levels and vault maps discovered:
D:1:      psy_arrival_conway, layout_rooms
D:2:      layout_loops_cross, dreamdust_ecumenical_altar_statues, serial_shops,
          shop, corexii_corridor_pit, uniq_robin, uniq_terence
D:3:      layout_loops_ring, roderic_serpentine_path, uniq_natasha
D:4:      layout_loops_ring, minmay_temple_entry_hall, kennysheep_generic_room_5
D:5:      layout_basic, serial_curves, eino_curves_04, eino_curves_03,
          lightli_minifort
D:6:      layout_loops_ring, enter_ossuary_5, chequers_hall_statues_wall_a,
          lightli_corner_chamber, uniq_pikel
D:7:      layout_loops_corners, uniq_duvessa, uniq_harold
D:8:      layout_loops_ring, uniq_erica, uniq_grum
Temple:   regret_index_temple_mists

Skill      XL: |  1  2  3  4  5  6  7  8  9 10 |
---------------+-------------------------------+-----
Hexes          | 1 |  1.6
Fighting       | 4 |  4.2
Spellcasting   | 2 |  2.2
Slings         | 2 4 6 |  6.0
Crossbows      | 3 7 10 12 | 12.1
Axes           | |  3.8
Fire Magic     | |  3.8

Action                   |  1- 3 |  4- 6 |  7- 9 | 10-12 || total
-------------------------+-------+-------+-------+-------++-------
Melee: Hand axe          |   107 |    66 |    20 |       ||   193
       Tailslap          |     4 |     5 |    41 |     8 ||    58
       War axe           |       |       |   288 |    68 ||   356
       Arbalest          |       |       |       |     2 ||     2
 Fire: Hunting sling     |       |    17 |    56 |     4 ||    77
Throw: Boomerang         |       |     1 |       |     1 ||     2
       Dart              |       |       |       |     1 ||     1
 Cast: Scorch            |    13 |    35 |   123 |    24 ||   195
       Slow              |     1 |       |     6 |       ||     7
Evoke: Wand              |       |       |     1 |     4 ||     5
  Use: Potion            |     1 |       |    10 |       ||    11
       Scroll            |       |     3 |     5 |     2 ||    10
Armor: Skin              |    61 |    53 |   321 |    88 ||   523
Dodge: Dodged            |    72 |    56 |   334 |    70 ||   532

Table legend: (Time is in decaauts)
 A = Elapsed time spent in this place.
 B = Non-inter-level travel time spent in this place.
 C = Inter-level travel time spent in this place.
 D = Time resting spent in this place.
 E = Time spent auto-exploring this place.
 F = Levels seen in this place.
 G = Mean time per level.
                   A        B        C        D        E       F      G
               +--------+--------+--------+--------+--------+-----+--------+
         Total |  11490 |  10784 |    706 |   2440 |   5382 |  10 | 1149.0 |
       Dungeon |  10735 |  10029 |    706 |   2297 |   5118 |   8 | 1341.9 |
        Temple |      1 |      1 |      0 |      0 |      0 |   1 |    1.0 |
       Ossuary |    753 |    753 |      0 |    143 |    264 |   1 |  753.0 |
               +--------+--------+--------+--------+--------+-----+--------+

Top non-repeatable levels by time:
     D:7: 1940 daAuts
     D:4: 1719 daAuts
     D:3: 1520 daAuts
     D:6: 1398 daAuts
     D:2: 1346 daAuts
     D:5: 1221 daAuts
     D:8: 863 daAuts
 Ossuary: 753 daAuts
     D:1: 725 daAuts
  Temple: 1 daAuts
